 Dungeon Crawl Stone Soup version 0.21.0-3-g78d12a8 (webtiles) character file.

44 MDvedh the Ducker (level 3, -2/28 HPs)
             Began as a Merfolk Air Elementalist on Jan 9, 2018.
             Slain by Natasha (10 damage)
             ... on level 2 of the Dungeon.
             The game lasted 00:02:27 (1494 turns).

MDvedh the Ducker (Merfolk Air Elementalist)        Turns: 1494, Time: 00:02:28

Health: -2/28      AC:  2    Str:  9    XL:     3   Next: 60%
Magic:  4/6        EV: 14    Int: 14    God:
Gold:   38         SH:  0    Dex: 14    Spells: 5/6 levels left

rFire    . . .     SeeInvis .   i - +0 short sword
rCold    . . .     Gourm    .   (no shield)
rNeg     . . .     Faith    .   a - +0 robe
rPois    .         Spirit   .   (no helmet)
rElec    .         Reflect  .   (no cloak)
rCorr    .         Harm     .   (no gloves)
MR       .....                  (no boots)
Stlth    ++........             (no amulet)
HPRegen  0.09/turn              (no ring)
MPRegen  0.10/turn              (no ring)

@: no status effects
A: change form in water, swift swim, stealthy swim
a: no special abilities


You were on level 2 of the Dungeon.
You were hungry.

You visited 1 branch of the dungeon, and saw 2 of its levels.

You collected 38 gold pieces.

Inventory:

Hand Weapons
 e - a +0 club
 i - a +0 short sword (weapon)
Armour
 a - a +0 robe (worn)
 g - a +0 leather armour
Scrolls
 d - a scroll of identify {unknown}
 j - 3 scrolls of fear {unknown}
 k - a scroll of remove curse {unknown}
Potions
 f - a potion of degeneration {unknown}
 h - a potion of agility {unknown}
Books
 b - a book of Air

   Spells                             Type                      Level
   a - Shock                          Conjuration/Air              1
   b - Swiftness                      Charms/Air                   2
   c - Static Discharge               Conjuration/Air              3
   d - Airstrike                      Air                          4
   e - Lightning Bolt                 Conjuration/Air              5
Comestibles
 c - 5 rations


   Skills:
 + Level 2.3 Fighting
 + Level 4.1 Dodging
 - Level 2.1 Stealth
 - Level 2.0 Spellcasting
 - Level 0.7 Conjurations
 - Level 2.4 Air Magic


You had 5 spell levels left.
You knew the following spells:

 Your Spells              Type           Power        Failure   Level  Hunger
a - Shock                 Conj/Air       #...         13%         1    ##.....


Dungeon Overview and Level Annotations

Branches:
Dungeon (2/15)

Altars:

Annotations:
D:2 Natasha


Message History

* * * LOW HITPOINT WARNING * * *
You are too injured to fight recklessly!
You are too injured to fight recklessly!
Unknown command.
Casting: Shock
Confirm with . or Enter, or press ? or * to list all spells.
Aiming: Shock
Press: ? - help, Shift-Dir - straight line, f - Natasha
Aim: Natasha (moderately wounded)
The zap hits Natasha.
Natasha is heavily wounded.
Natasha stares at you and mumbles some strange words.
You resist with significant effort.
Casting: Shock
Confirm with . or Enter, or press ? or * to list all spells.
Aiming: Shock
Press: ? - help, Shift-Dir - straight line, f/p - Natasha
Aim: Natasha (heavily wounded)
The zap misses Natasha.
Natasha claws you!
You die...

......#...#....####...##.########
................ ................
...................##..#.########
.......................#...).####
............ =. ..###.#####.#...
.......... #. ...##.#####.#.#
.......... #( ....(...##...#
..#..... ....##.######.......###
..#..... .......@.....###.##.#
#.# ... ......h#..).......#.#
.......#####.#....#.# .......
#.#.##.#.# .....#. #.#.. .#.#
..####. #.######.# . #. #.. ..#
.. ###


You could see Natasha.

Vanquished Creatures
  An ooze (D:1)
  An adder skeleton (D:2)
  A dart slug (D:1)
  4 giant cockroaches
  5 goblins
  6 hobgoblins
  3 kobolds
  4 bats
  A frilled lizard (D:1)
  7 rats
33 creatures vanquished.

Notes
Turn   | Place    | Note
-------+----------+-------------------------------------------
     0 | D:1      | MDvedh the Merfolk Air Elementalist began the quest for the Orb.
     0 | D:1      | Reached XP level 1. HP: 13/13 MP: 3/3
    94 | D:1      | Reached skill level 3 in Dodging
   103 | D:1      | Reached skill level 1 in Fighting
   220 | D:1      | Reached XP level 2. HP: 21/21 MP: 5/5
  1079 | D:1      | Reached XP level 3. HP: 27/27 MP: 3/6
  1343 | D:2      | Reached skill level 4 in Dodging
  1487 | D:2      | Noticed Natasha
  1494 | D:2      | Slain by Natasha

Skill      XL: |  1  2  3 |
---------------+----------+-----
Dodging        | 3 4 |  4.1
Fighting       | 1 2 |  2.3
Stealth        | |  2.1
Spellcasting   | |  2.0
Conjurations   | |  0.7
Air Magic      | |  2.4

Action                   || total
-------------------------++-------
Melee: Unarmed           ||    18
       Club              ||    33
       Short sword       ||    70
 Cast: Shock             ||    24
 Stab: Sleeping          ||     4
  Eat: Chunk             ||     2
Armor: Robe              ||    39
Dodge: Dodged            ||   127
